 Dungeon Crawl Stone Soup version 0.28-b1-25-g9875b3fc8c (webtiles) character file.

Game seed: 11341438572427149430

1064 Armakuni the Destroyer (level 8, 0/52 HPs)
             Began as a Human Conjurer on Feb 5, 2022.
             Was an Initiate of Gozag.
             Slain by a meliai zombie (4 damage)
             ... on level 5 of the Dungeon.
             The game lasted 00:14:30 (6754 turns).

Armakuni the Destroyer (Human Conjurer)             Turns: 6754, Time: 00:14:31

Health: 0/52       AC:  2    Str:  9    XL:     8   Next: 52%
Magic:  7/15       EV: 16    Int: 19    God:    Gozag
Gold:   238        SH:  0    Dex: 12    Spells: 11/17 levels left

rFire   . . .      SeeInvis .   a - +0 quarterstaff
rCold   . . .      Faith    .   (shield currently unavailable)
rNeg    . . .      Spirit   .   c - +0 robe
rPois   .          Reflect  .   (no helmet)
rElec   .          Harm     .   (no cloak)
rCorr   .          Rampage  .   (no gloves)
Will    .....                   (no boots)
Stlth   ++........              (no amulet)
HPRegen 0.17/turn               E - +4 ring of evasion
MPRegen 0.14/turn               (no ring)

@: no status effects
A: no striking features
a: Renounce Religion, Potion Petition, Call Merchant, Bribe Branch


You were on level 5 of the Dungeon.
You worshipped Gozag.
Gozag was aware of your devotion.
You visited 2 branches of the dungeon, and saw 6 of its levels.

You collected 319 gold pieces.
You paid 81 gold pieces to Gozag.

Inventory:

Hand Weapons
 a - a +0 quarterstaff (weapon)
Armour
 c - a +0 robe (worn)
 e - a +0 leather armour
 j - a +1 ring mail
Jewellery
 E - a +4 ring of evasion (left hand)
Scrolls
 b - a scroll of identify
 h - 2 scrolls of teleportation
 i - 2 scrolls of noise
 n - a scroll of torment
Potions
 d - 2 potions of haste
 g - 2 potions of cancellation


   Skills:
 - Level 2.0 Dodging
 - Level 2.0 Stealth
 + Level 5.3 Spellcasting
 * Level 8.7 Conjurations


You had 11 spell levels left.
You knew the following spells:

 Your Spells              Type           Power      Damage    Failure   Level
m - Iskenderun's Mystic   Conj/Tloc      21%        2d6       21%         4
z - Searing Ray           Conj           76%        2d7       1%          2

Your spell library contained the following spells:

 Spells                   Type           Power      Damage    Failure   Level
 Magic Dart               Conj           100%       1d8       1%          1
 Dazzling Flash           Conj/Hex       42%        N/A       6%          3
 Fulminant Prism          Conj/Hex       10%        3d9       21%         4
 Tukima's Dance           Hex            5%         N/A       36%         3
 Passage of Golubria      Tloc           5%         N/A       77%         4
 Yara's Violent Unravell  Hex/Tmut       2%         3d3       98%         5


Dungeon Overview and Level Annotations

Branches:
Dungeon (5/15)             Temple (1/1) D:4

Altars:
Ashenzari
Cheibriados
Dithmenos
Elyvilon
Gozag
Hepliaklqana
Kikubaaqudgha
Makhleb
Nemelex Xobeh
Okawaru
Qazlal
Ru
Sif Muna
Trog
Uskayaw
Vehumet
Wu Jian
Xom
Yredelemnul
The Shining One
Beogh


Message History

Found 9 gold pieces.
You now have 229 gold pieces (gained 11).
You now have 238 gold pieces (gained 9).
A meliai zombie comes into view.
Aiming: Searing Ray (safe; 1% risk of failure)
Press: ? - help, Q - select action, (/) - cycle Shift-Dir - straight line, f - meliai zombie
Aim: a meliai zombie (83% to hit)
The searing ray hits the meliai zombie.
The meliai zombie is lightly damaged. (Press . to maintain the ray.)
The searing ray hits the meliai zombie!
The meliai zombie is moderately damaged.
The meliai zombie barely misses you. The meliai zombie closely misses you.
The meliai zombie barely misses you. The meliai zombie hits you.
The searing ray hits the meliai zombie!
The meliai zombie is moderately damaged.
The meliai zombie hits you but does no damage. x2
The searing ray hits the meliai zombie.
The meliai zombie is heavily damaged.
You finish channelling your searing ray.
The meliai zombie hits you! x2; The meliai zombie misses you.
The meliai zombie hits you!
Aiming: Searing Ray (safe; 1% risk of failure)
Press: ? - help, Q - select action, (/) - cycle Shift-Dir - straight line, f/p - meliai zombie
Aim: a meliai zombie (heavily damaged, 83% to hit)
The searing ray hits the meliai zombie!
The meliai zombie is severely damaged. (Press . to maintain the ray.)
The meliai zombie hits you. The meliai zombie misses you.
The meliai zombie hits you.
The meliai zombie completely misses you.
The searing ray hits the meliai zombie!
The meliai zombie is severely damaged.
The meliai zombie hits you!
* * * LOW HITPOINT WARNING * * *
The meliai zombie hits you!
* * * LOW HITPOINT WARNING * * *
The meliai zombie closely misses you. The meliai zombie hits you.
You die...
Your body crumbles into a pile of gold.

#..............#.
#####..........#.
#..........#.
############............
#.........##............
#.........##...........#
#.......................
#.........##..........#.
#.....Z@..##............
#.........####.##.......
#.........# #.##.......
#####.##### #....##....
#. #...)...#.. #.
#.....#####.. #
.....#.#......
..#.##.#.#....
...........#..


You could see a meliai zombie.

Vanquished Creatures
  Sigmund (D:5)
  A yak (D:4)
  Menkaure (D:5)
  Edmund (D:5)
  A sky beast (D:5)
  A black bear (D:4)
  A vampire bat (D:3)
  A jelly (D:3)
  A bullfrog skeleton (D:4)
  An orc wizard (D:4)
  A howler monkey skeleton (D:4)
  7 adders
  5 worms
  7 dart slugs
  3 fire bats (D:3)
  10 orcs
  2 spectral bats (D:3)
  4 ball pythons
  3 bat skeletons (D:3)
  A bat zombie (D:3)
  5 endoplasms
  6 giant cockroaches
  5 goblins
  9 hobgoblins
  2 jackals (D:1)
  9 kobolds
  6 quokkas
  18 bats
  A bat simulacrum (D:3)
  4 frilled lizards
  7 rats
  A butterfly (D:4)
126 creatures vanquished.

Notes
Turn   | Place    | Note
-------+----------+-------------------------------------------
     0 | D:1      | Armakuni the Human Conjurer began the quest for the Orb.
     0 | D:1      | Reached XP level 1. HP: 13/13 MP: 3/3
   220 | D:1      | Reached XP level 2. HP: 11/19 MP: 0/5
   376 | D:1      | Learned a level 2 spell: Searing Ray
   587 | D:1      | Reached XP level 3. HP: 24/24 MP: 0/6
  1262 | D:1      | Found a faded altar of an unknown god.
  1503 | D:2      | Reached skill level 5 in Conjurations
  1503 | D:2      | Reached XP level 4. HP: 30/30 MP: 1/7
  1866 | D:2      | Learned a level 4 spell: Iskenderun's Mystic Blast
  2878 | D:3      | Reached XP level 5. HP: 35/35 MP: 2/9
  3414 | D:3      | You fall into a shaft and drop 2 floors!
  3414 | D:5      | Entered Level 5 of the Dungeon
  3672 | D:3      | Reached skill level 6 in Conjurations
  3672 | D:3      | Reached XP level 6. HP: 35/41 MP: 5/11
  4813 | D:4      | Reached XP level 7. HP: 46/46 MP: 2/12
  5406 | D:4      | Found a staircase to the Ecumenical Temple.
  5418 | Temple   | Entered the Ecumenical Temple
  5587 | Temple   | Became a worshipper of Gozag Ym Sagoz the Greedy
  5776 | D:4      | Reached skill level 7 in Conjurations
  6050 | D:5      | Noticed Edmund
  6278 | D:5      | Killed Edmund
  6279 | D:5      | Reached XP level 8. HP: 52/52 MP: 13/15
  6315 | D:5      | Noticed Sigmund
  6315 | D:5      | Noticed a yak
  6319 | D:5      | Noticed Menkaure
  6325 | D:5      | Killed Sigmund
  6326 | D:5      | Reached skill level 8 in Conjurations
  6327 | D:5      | Killed Menkaure
  6328 | D:5      | Reached skill level 5 in Spellcasting
  6412 | D:5      | Noticed a yak
  6543 | D:5      | Noticed a yak
  6544 | D:5      | Noticed a yak
  6545 | D:5      | Noticed a yak
  6568 | D:4      | Killed a yak
  6754 | D:5      | Slain by a meliai zombie

Illustrated notes

Levels and vault maps discovered:
D:1:      co_arrival_square_in_a_square_in_a_square, layout_loops_ring,
          hellmonk_ecumenical_altar_defaced_shrine
D:2:      layout_basic, serial_aquarium, aquarium_bridge_square
          [aquarium_subvault_window, aquarium_subvault_wall,
          aquarium_subvault_window, aquarium_subvault_bridge],
          aquarium_window_fake, aquarium_window_corner, aquarium_view_2d,
          aquarium_balcony_5a, aquarium_pool_1, minmay_heptomino_w4
D:3:      layout_loops_ring, gup_sewer_entry_bubbles, goddamned_bats
D:4:      layout_basic, minmay_temple_entry_butterflies,
          chequers_decorated_corner
D:5:      layout_rooms, uniq_menkaure, uniq_sigmund, uniq_edmund
Temple:   regret_index_temple_chain_breaker

Skill      XL: |  1  2  3  4  5  6  7  8 |
---------------+-------------------------+-----
Conjurations   | 5 6 7 8 |  8.7
Spellcasting   | 3 4 5 |  5.3
Dodging        | |  2.0
Stealth        | |  2.0

Action                   |  1- 3 |  4- 6 |  7- 9 || total
-------------------------+-------+-------+-------++-------
Melee: Club              |     2 |       |       ||     2
       Quarterstaff      |       |    18 |    25 ||    43
 Cast: Magic Dart        |    12 |       |       ||    12
       Searing Ray       |    26 |    60 |    27 ||   113
Evoke: Wand              |       |       |    11 ||    11
  Use: Scroll            |       |    10 |     3 ||    13
       Potion            |       |       |     1 ||     1
 Stab: Paralysed         |       |       |    18 ||    18
Armor: Robe              |     5 |    25 |     7 ||    37
Dodge: Dodged            |     7 |    72 |    36 ||   115
